Map: Jagannatha LE

Players

SortOf

  • Race: Zerg Zerg

Reynor - Winner!

  • Race: Zerg Zerg

Event: DreamHack SC2 Masters 2021 Fall

VOD

Have the link to the VOD?

Description

Time

  • Played on: Aug. 3, 2021, 11:11 a.m.
  • Length: 10:00

All games in this series

Show
View Real Time Build Order
Export as new Build Order

SortOf Zerg 

Build Orders: Hatch First 

Get SALT Encoding   

  12  0:00  Drone  
  13  0:12  Overlord  
  13  0:17  Drone  
  14  0:31  Drone x2  
  16  0:49  Hatchery  
  15  0:51  Drone  
  15  0:55  Drone  
  17  0:59  Drone  
  18  1:11  Extractor  
  17  1:14  Spawning Pool  
  17  1:17  Drone  
  17  1:20  Drone  
  18  1:30  Drone  
  19  1:40  Drone  
  20  1:49  Drone  
  21  2:01  Queen x2  
  23  2:02  Overlord  
  23  2:03  Zergling x2  
  26  2:13  Metabolic Boost  
  26  2:14  Zergling x2  
  28  2:15  Drone  
  28  2:24  Zergling x2  
  28  2:29  Drone  
  30  2:36  Queen, Drone  
  33  2:38  Baneling Nest  
  31  2:44  Overlord  
  31  2:47  Drone  
  32  2:53  Drone  
  32  2:54  Drone  
  32  2:55  Drone  
  34  3:06  Zergling x4  
  36  3:15  Zergling x2  
  37  3:20  Hatchery  
  37  3:23  Drone x2  
  38  3:28  Drone  
  38  3:32  Overlord  
  38  3:34  Zergling x2  
  40  3:36  Baneling x2  
  40  3:38  Zergling x2  
  41  3:42  Zergling x2  
  41  3:47  Zergling x4  
  44  3:50  Zergling x4  
  44  3:53  Zergling x4  
  43  4:02  Zergling x6  
  41  4:03  Baneling  
  41  4:08  Zergling x2  
  40  4:10  Zergling x2  
  40  4:14  Drone  
  41  4:18  Baneling x2  
  41  4:19  Drone  
  41  4:21  Queen  
  44  4:27  Zergling x2  
  45  4:35  Zergling x10  
  47  4:42  Zergling x2  
  47  4:45  Drone x2  
  47  4:50  Queen  
  48  4:56  Drone x3  
  51  5:00  Baneling x2  
  51  5:01  Baneling  
  51  5:04  Drone  
  52  5:09  Evolution Chamber  
  52  5:10  Baneling x2  
  52  5:11  Drone  
  52  5:13  Baneling x3  
  52  5:15  Drone  
  52  5:19  Overlord  
  53  5:24  Zergling x6  
  55  5:30  Zergling x6  
  55  5:33  Zergling x2  
  58  5:38  Zergling x6  
  58  5:40  Zergling x2  
  57  5:45  Zergling x6  
  57  5:47  Zergling x2  
  57  5:48  Zergling x2  
  57  5:52  Zergling x2  
  57  5:56  Zergling x2  
  56  5:59  Baneling x6  
  56  6:00  Zergling x4  
  57  6:06  Queen  
  57  6:08  Zergling x2  
  57  6:09  Zergling x2  
  60  6:11  Zergling x2  
  60  6:13  Zergling x2  
  60  6:18  Zergling x6  
  61  6:22  Zergling x4  
  59  6:26  Zergling x4  
  59  6:30  Zergling x4  
  62  6:34  Zerg Missile Weapons Level 1  
  62  6:35  Zergling x2  
  62  6:39  Zergling x4  
  64  6:41  Zergling x2, Baneling x2  
  64  6:44  Zergling x2  
  66  6:54  Drone  
  65  6:56  Extractor  
  65  6:57  Roach Warren  
  65  6:59  Drone  
  65  7:00  Drone x3  
  66  7:03  Overlord  
  64  7:08  Drone  
  64  7:13  Zergling x4  
  63  7:27  Lair  
  63  7:28  Drone  
  59  7:32  Drone  
  55  7:40  Zergling x20  
  65  7:50  Baneling  
  64  7:52  Baneling x4  
  64  7:53  Roach  
  64  7:56  Zergling x10  
  60  8:03  Zergling x4  
  47  8:06  Zergling x6  
  44  8:13  Roach x2  
  44  8:14  Drone  
  44  8:19  Roach  
  51  8:22  Roach  
  52  8:27  Roach  
  52  8:29  Roach  
  52  8:32  Roach  
  57  8:35  Zergling x2  
  57  8:39  Zergling x4  
  57  8:41  Baneling  
  59  8:44  Roach  
  59  8:46  Zergling x2  
  62  8:51  Roach  
  62  8:54  Roach  
  63  8:58  Roach  
  63  8:59  Zergling x2  
  63  9:03  Roach  
  65  9:16  Overlord  
  65  9:17  Overlord x2  
  65  9:23  Overlord  
  63  9:28  Overlord  
  61  9:31  Roach  
  61  9:34  Roach  
  61  9:35  Ravager  
  61  9:39  Roach  
Show
View Real Time Build Order
Export as new Build Order

Reynor Zerg - Winner!

Build Orders: Pool First 

Get SALT Encoding   

  12  0:00  Drone  
  13  0:12  Overlord  
  13  0:16  Drone  
  14  0:30  Drone x2  
  16  0:40  Spawning Pool  
  15  0:43  Drone  
  15  0:48  Drone  
  17  1:09  Hatchery  
  17  1:10  Drone  
  17  1:12  Extractor  
  16  1:27  Zergling x6  
  16  1:32  Queen  
  21  1:39  Overlord  
  21  1:49  Drone  
  22  2:01  Drone  
  23  2:07  Queen  
  25  2:11  Zergling x2  
  25  2:14  Metabolic Boost  
  26  2:21  Zergling x4  
  28  2:32  Overlord  
  28  2:33  Zergling x2  
  29  2:39  Zergling x4  
  29  2:43  Zergling x4  
  33  2:47  Zergling x2  
  34  2:56  Zergling x4  
  35  3:03  Zergling x2  
  36  3:06  Zergling x2  
  37  3:13  Zergling x6  
  37  3:16  Overlord  
  37  3:17  Zergling x6  
  43  3:21  Drone  
  43  3:30  Overlord  
  43  3:35  Drone  
  43  3:37  Queen  
  35  3:57  Zergling x14  
  35  4:00  Drone  
  35  4:02  Drone  
  39  4:05  Drone  
  40  4:11  Drone  
  40  4:13  Drone  
  41  4:21  Drone  
  41  4:22  Drone  
  43  4:32  Hatchery  
  43  4:34  Drone x2  
  40  4:47  Drone x4  
  40  4:48  Drone  
  43  4:54  Baneling Nest  
  43  4:57  Zergling x6  
  45  5:00  Zergling x2  
  45  5:02  Zergling x2  
  45  5:06  Zergling x4  
  48  5:12  Evolution Chamber  
  48  5:13  Zergling x2  
  45  5:15  Evolution Chamber  
  44  5:23  Zergling x12  
  50  5:31  Zergling x2  
  50  5:32  Queen  
  50  5:33  Queen  
  54  5:37  Baneling x4  
  54  5:39  Zergling x4  
  54  5:40  Zergling x2  
  54  6:00  Hatchery  
  54  6:02  Baneling Nest  
  54  6:03  Zergling x8  
  54  6:09  Zergling x4  
  55  6:15  Zergling x2  
  52  6:26  Zergling x4  
  52  6:28  Zergling x2  
  52  6:32  Queen  
  51  6:36  Zergling x2  
  51  6:38  Zergling x2  
  54  6:44  Zergling x6  
  55  6:47  Baneling x3  
  55  6:48  Zergling x2  
  55  6:49  Baneling x2  
  55  6:53  Baneling x2  
  55  6:54  Zergling x2  
  53  7:02  Zergling x4  
  53  7:06  Hatchery  
  53  7:10  Zergling x2  
  53  7:13  Zergling x6  
  53  7:15  Overlord  
  56  7:16  Zergling x4  
  56  7:17  Zergling x2  
  59  7:23  Zergling x2  
  59  7:30  Baneling  
  59  7:31  Baneling x2  
  59  7:32  Overlord  
  59  7:38  Baneling x2  
  59  7:42  Drone x3  
  62  7:47  Baneling  
  59  7:55  Drone x2  
  59  7:57  Drone x3  
  62  8:01  Drone  
  62  8:03  Zergling x2  
  55  8:11  Queen  
  58  8:16  Zergling x4  
  58  8:17  Extractor x2, Roach Warren  
  55  8:22  Zergling x2  
  55  8:23  Queen  
  55  8:25  Zergling x4  
  59  8:30  Zergling x2  
  59  8:34  Zergling x8  
  59  8:36  Baneling  
  59  8:37  Baneling x4  
  59  8:39  Zergling x2  
  59  8:40  Zergling x2  
  64  8:47  Zergling x4  
  65  8:49  Baneling  
  65  8:51  Zergling x2  
  65  8:59  Drone x4  
  65  9:01  Overlord  
  65  9:02  Roach x3  
  75  9:09  Roach x2  
  79  9:12  Drone  
  79  9:16  Drone  
  81  9:18  Overlord  
  81  9:22  Roach  
  81  9:23  Roach  
  81  9:24  Drone  
  85  9:31  Overlord  
  85  9:36  Roach  
  85  9:37  Roach x2  
  88  9:38  Drone x2  
  88  9:43  Drone x2  
  92  9:46  Extractor  

Tags
 
Add a new tag
Caveats
  • Supply blocks, unpowered buildings, or Contaminate may cause inaccurate times.
  • Supply counts are checked every 10 seconds.